 Dungeon Crawl Stone Soup version 0.27.0-1-g7a089689b8 (webtiles) character file.

Game seed: 16617880817990176942

79 selver the Conjurer (level 4, -3/30 HPs)
             Began as a Demonspawn Hedge Wizard on Aug 15, 2021.
             Slain by a scorpion (7 damage)
             ... on level 3 of the Dungeon.
             The game lasted 00:09:28 (4001 turns).

selver the Conjurer (Demonspawn Hedge Wizard)       Turns: 4001, Time: 00:09:29

Health: -3/30      AC:  3    Str: 10    XL:     4   Next: 16%
Magic:  3/8        EV: 12    Int: 17    God:
Gold:   55         SH:  0    Dex: 12    Spells: 6/9 levels left

rFire    . . .     SeeInvis .   a - +0 dagger
rCold    . . .     Faith    .   (no shield)
rNeg     . . .     Spirit   .   b - +0 robe
rPois    .         Reflect  .   c - +0 hat
rElec    .         Harm     .   (no cloak)
rCorr    .         Rampage  .   (no gloves)
Will     .....                  (no boots)
Stlth    ++........             (no amulet)
HPRegen  0.10/turn              (no ring)
MPRegen  0.22/turn              (no ring)

@: mighty, lethally poisoned (-3 -> -10)
A: ignite blood 1, magic regeneration, sharp scales 1
a: no special abilities


You were on level 3 of the Dungeon.
You visited 1 branch of the dungeon, and saw 3 of its levels.

You collected 137 gold pieces.
You spent 82 gold pieces at shops.

Inventory:

Hand Weapons
 a - a +0 dagger (weapon)
 d - a +0 hunting sling
Armour
 b - a +0 robe (worn)
 c - a +0 hat (worn)
Wands
 o - a wand of paralysis (11)
Scrolls
 e - a scroll of immolation
 h - a scroll of teleportation
 j - 2 scrolls of magic mapping
 k - a scroll of vulnerability {unknown}
 p - a scroll of fear {unknown}
Potions
 g - a potion of heal wounds {unknown}
 i - 3 potions of ambrosia
 l - a potion of attraction
 m - a potion of haste {unknown}
 n - a potion of magic {unknown}


   Skills:
 - Level 1.7 Dodging
 - Level 1.7 Stealth
 - Level 3.0 Spellcasting
 * Level 3.6 Conjurations
 - Level 1.0 Summonings
 + Level 1.8 Translocations


You had 6 spell levels left.
You knew the following spells:

 Your Spells              Type           Power      Damage    Failure   Level
a - Magic Dart            Conj           56%        1d5       4%          1
b - Blink                 Tloc           N/A        N/A       12%         2

Your spell library contained the following spells:

 Spells                   Type           Power      Damage    Failure   Level
 Call Imp                 Summ           5%         N/A       17%         2
 Slow                     Hex            2%         N/A       26%         2
 Conjure Flame            Conj/Fire      8%         6-21      26%         3
 Mephitic Cloud           Conj/Pois/Air  6%         N/A       32%         3


Dungeon Overview and Level Annotations

Branches:
Dungeon (3/15)

Altars:

Shops:
D:2 ?


Innate Abilities, Weirdness & Mutations

Your demonic aura sometimes causes spilled blood to erupt in flames.
You regenerate magic rapidly.
You are partially covered in razor-sharp scales. (AC +1, Slay +1)


Message History

Casting: Magic Dart (safe; 4% risk of failure)
Confirm with . or Enter, or press ? or * to list all spells.
Aiming: Magic Dart (safe; 4% risk of failure)
Press: ? - help, Shift-Dir - straight line, f/p - scorpion
Aim: a scorpion (lightly wounded, 100% to hit)
The magic dart hits the scorpion but does no damage.
The scorpion is lightly wounded.
The scorpion barely misses you. The scorpion closely misses you.
Casting: Magic Dart (safe; 4% risk of failure)
Confirm with . or Enter, or press ? or * to list all spells.
Aiming: Magic Dart (safe; 4% risk of failure)
Press: ? - help, Shift-Dir - straight line, f/p - scorpion
Aim: a scorpion (lightly wounded, 100% to hit)
The magic dart hits the scorpion but does no damage.
The scorpion is lightly wounded.
The scorpion stings you!
Casting: Magic Dart (safe; 4% risk of failure)
Confirm with . or Enter, or press ? or * to list all spells.
Aiming: Magic Dart (safe; 4% risk of failure)
Press: ? - help, Shift-Dir - straight line, f/p - scorpion
Aim: a scorpion (lightly wounded, 100% to hit)
The magic dart hits the scorpion but does no damage.
The scorpion is lightly wounded.
The scorpion barely misses you.
You feel very mighty all of a sudden. The scorpion stings you.
You are lethally poisoned!
The scorpion poisons you!
You hit the scorpion.
The scorpion is moderately wounded.
* * * LOW HITPOINT WARNING * * *
You feel very sick. The scorpion closely misses you.
Okay, then.
You closely miss the scorpion.
The scorpion is moderately wounded.
* * * LOW HITPOINT WARNING * * *
You feel very sick. The scorpion barely misses you. The scorpion stings you!
You die...

##.##.# #........#
.## #..#.#
######...# ....
##.#.# #...# .....
#.#.# #...# #(....
#...# #...##......
#..####
#...Z'......
#####.....#
####.#.....#
......>...#
#####Z# .K..#
...####...#
#..@sK# Z..# )..#
#...####.##### ..#
...# #..........#
.# ...#
#...####.#.# .
...# #........#.#
...# #....###.#.#
...#####'#.#...#.#
...'...#.#†#.#.#.#
...###.#.#.#.#.#.#


You could see a scorpion, a kobold and an adder skeleton.

Vanquished Creatures
  An adder (D:3)
  A worm (D:3)
  2 orcs (D:2)
  5 endoplasms
  2 giant cockroaches
  7 goblins
  3 hobgoblins
  10 jackals
  3 quokkas
  5 ball pythons (D:1)
  5 bats
  2 frilled lizards (D:1)
  7 kobolds
  7 rats
60 creatures vanquished.

Notes
Turn   | Place    | Note
-------+----------+-------------------------------------------
     0 | D:1      | selver the Demonspawn Hedge Wizard began the quest for the
                  | Orb.
     0 | D:1      | Reached XP level 1. HP: 13/13 MP: 4/4
   608 | D:1      | Gained mutation: Your demonic aura sometimes causes spilled
                  | blood to erupt in flames. [demonic ancestry]
   608 | D:1      | Reached XP level 2. HP: 19/19 MP: 3/6
   668 | D:1      | Learned a level 2 spell: Blink
  1011 | D:1      | Reached skill level 1 in Translocations
  2064 | D:1      | Gained mutation: You are partially covered in razor-sharp
                  | scales. (AC +1, Slay +1) [demonic ancestry]
  2064 | D:1      | Reached XP level 3. HP: 24/24 MP: 4/7
  3009 | D:2      | Found Hoga's Magic Scroll Shoppe.
  3017 | D:2      | Bought a scroll of magic mapping for 38 gold pieces
  3017 | D:2      | Bought a scroll of identify for 22 gold pieces
  3017 | D:2      | Bought a scroll of identify for 22 gold pieces
  3740 | D:3      | Gained mutation: You regenerate magic rapidly. [demonic
                  | ancestry]
  3740 | D:3      | Reached XP level 4. HP: 30/30 MP: 4/8
  3986 | D:3      | Noticed a scorpion
  4001 | D:3      | Slain by a scorpion

Illustrated notes

Levels and vault maps discovered:
D:1:      dpeg_arrival_renting, layout_basic, minmay_nonomino_d4
D:2:      layout_basic, serial_shops, nicolae_shop_statue_plus,
          kennysheep_pointless_box, minivault_23
D:3:      layout_basic

Skill      XL: |  1  2  3 |
---------------+----------+-----
Conjurations   | 2 3 |  3.6
Translocations | 1 |  1.8
Dodging        | |  1.7
Stealth        | |  1.7
Spellcasting   | |  3.0
Summonings     | |  1.0

Action                   |  1- 3 |  4- 6 || total
-------------------------+-------+-------++-------
Melee: Dagger            |    63 |     3 ||    66
 Cast: Magic Dart        |   110 |    21 ||   131
  Use: Scroll            |     5 |       ||     5
       Potion            |       |     1 ||     1
 Stab: Sleeping          |     3 |       ||     3
Armor: Robe              |    25 |     1 ||    26
Dodge: Dodged            |    61 |     6 ||    67
